 Dungeon Crawl Stone Soup version 0.23.2-1-ga50397a6bc (webtiles) character file.

Game seed: 11867750926296988548

84 Jaijje the Changer (level 4, 0/51 HPs)
             Began as a Merfolk Transmuter on May 20, 2019.
             Succumbed to an adder's poison
             ... on level 2 of the Dungeon.
             The game lasted 00:04:27 (1891 turns).

Jaijje the Changer (Merfolk Transmuter)             Turns: 1891, Time: 00:04:28

Health: 0/51       AC: 22    Str: 11    XL:     4   Next: 46%
Magic:  7/7        EV:  2    Int: 12    God:
Gold:   152        SH:  0    Dex: 14    Spells: 3/7 levels left

rFire    . . .     SeeInvis .     - Unarmed
rCold    . . .     Gourm    .   (no shield)
rNeg     + + +     Faith    .   (armour currently unavailable)
rPois    +         Spirit   .   (helmet currently unavailable)
rElec    .         Reflect  .   (cloak currently unavailable)
rCorr    .         Harm     .   (gloves currently unavailable)
MR       .....     NoTele   +   (boots currently unavailable)
Stlth    +.........             (no amulet)
HPRegen  0.17/turn              (no ring)
MPRegen  0.10/turn              (no ring)

@: lethally poisoned (0 -> -6), tree-form
A: (change form in water), (swift swim), (stealthy swim)
a: no special abilities


You were on level 2 of the Dungeon.
You were near starving.
You were a tree.
You visited 1 branch of the dungeon, and saw 3 of its levels.

You collected 152 gold pieces.

Inventory:

Missiles
 a - 38 arrows
Armour
 b - a +0 robe
 c - a +0 pair of gloves
 m - a +2 robe of magic resistance (melded)
 n - a +0 pair of gloves (melded)
Scrolls
 e - a scroll of fear {unknown}
 f - a scroll of immolation {unknown}
 g - a scroll of enchant weapon {unknown}
 j - 5 scrolls of identify {unknown}
 k - 2 scrolls of remove curse {unknown}
 o - a scroll of teleportation {unknown}
Potions
 l - a potion of resistance {unknown}
 p - a potion of heal wounds {unknown}
Comestibles
 d - 4 rations


   Skills:
 + Level 2.3 Fighting
 - Level 2.7 Dodging
 - Level 3.5 Unarmed Combat
 - Level 2.1 Spellcasting
 * Level 5.0 Transmutations


You had 3 spell levels left.
You knew the following spells:

 Your Spells              Type           Power        Failure   Level  Hunger
a - Beastly Appendage     Tmut           ##....       3%          1    ##.....
b - Spider Form           Tmut/Pois      #.........   28%         3    ####...

Your spell library contained the following spells:

 Spells                   Type           Power        Failure   Level  Hunger
 Sticks to Snakes         Tmut           ##......     4%          2    ###....
 Ice Form                 Ice/Tmut       #.......     67%         4    #####..
 Blade Hands              Tmut           ##........   67%         5    ######.


Dungeon Overview and Level Annotations

Branches:
Dungeon (3/15)

Altars:
Cheibriados


Message History

* * * LOW HITPOINT WARNING * * *
You are lethally poisoned!
The adder poisons you!
You miss the adder.
The adder is almost dead.
The adder closely misses you. The adder bites you.
* * * LOW HITPOINT WARNING * * *
It was a potion of cancellation.
Your magical effects are unravelling.
You feel magically purged.
Your horns disappear.
* * * LOW HITPOINT WARNING * * *
You feel sick. The adder bites you.
* * * LOW HITPOINT WARNING * * *
It was a potion of lignification.
You turn into a tree.
Your +0 pair of gloves melds into your body.
Your +2 robe of magic resistance melds into your body.
You feel less resistant to hostile enchantments.
Your roots penetrate the ground.
You die...

#..# #.# ##..# #.#
#>..######.###
#............#####
#.######.........#
...........#.###.#
#.######.###.# #.# #
#.######.###.###.##..#
#.......[.......♣....#
#.######.###.###S###.#
#.######.# #.# #.#
#......... ... ...
.............. ?.##
#.################ #.#
..# ###


You could see an adder.

Vanquished Creatures
  Jessica (D:2)
  3 adders (D:2)
  An ooze (D:1)
  A worm (D:2)
  2 dart slugs
  A giant cockroach (D:1)
  3 goblins
  3 hobgoblins (D:2)
  A bat (D:2)
  4 frilled lizards
  2 kobolds (D:3)
  4 rats (D:2)
26 creatures vanquished.

Notes
Turn   | Place    | Note
-------+----------+-------------------------------------------
     0 | D:1      | Jaijje the Merfolk Transmuter began the quest for the Orb.
     0 | D:1      | Reached XP level 1. HP: 15/15 MP: 3/3
   176 | D:1      | Reached skill level 3 in Transmutations
   176 | D:1      | Reached XP level 2. HP: 21/21 MP: 3/5
   795 | D:2      | Reached skill level 4 in Transmutations
   795 | D:2      | Reached XP level 3. HP: 18/26 MP: 6/6
   887 | D:2      | Found a snail-covered altar of Cheibriados.
  1117 | D:2      | Noticed Jessica
  1142 | D:2      | Killed Jessica
  1142 | D:2      | Reached XP level 4. HP: 6/33 MP: 7/7
  1590 | D:2      | Reached skill level 5 in Transmutations
  1602 | D:2      | Learned a level 3 spell: Spider Form
  1890 | D:2      | HP: 1/34 [adder (1)]
  1891 | D:2      | Succumbed to an adder's poison

Skill      XL: |  1  2  3  4 |
---------------+-------------+-----
Transmutations | 3 4 5 |  5.0
Fighting       | 2 |  2.3
Dodging        | |  2.7
Unarmed Combat | |  3.5
Spellcasting   | |  2.1

Action                   |  1- 3 |  4- 6 || total
-------------------------+-------+-------++-------
Melee: Unarmed           |    79 |    49 ||   128
       Headbutt          |    13 |     7 ||    20
       Punch             |       |     1 ||     1
 Cast: Beastly Appendage |    15 |     5 ||    20
  Use: Potion            |       |     2 ||     2
  Eat: Chunk             |     1 |     1 ||     2
Armor: Robe              |    14 |     9 ||    23
Dodge: Dodged            |    56 |    26 ||    82
